 Dungeon Crawl Stone Soup version 0.19.1-1-g22dce08 (webtiles) character file.

5712 M4edhros the Cleaver (level 10, -5/91 HPs)
             Began as a Minotaur Berserker on Jan 4, 2017.
             Was a Priest of Trog.
             Slain by a slime creature (12 damage)
             ... on level 13 of the Dungeon.
             The game lasted 00:09:41 (2147 turns).

M4edhros the Cleaver (Minotaur Berserker)           Turns: 2147, Time: 00:09:42

Health: -5/91      AC: 15    Str: 23    XL:     10   Next: 48%
Magic:  9/9        EV: 18    Int:  4    God:    Trog [***...]
Gold:   293        SH:  0    Dex: 17    Spells: 0 memorised, 9 levels left

rFire  . . .     SeeInvis .     k - +0 war axe
rCold  . . .     Gourm    .     v - +2 chain mail {rPois}
rNeg   . . .     Faith    .     (no shield)
rPois  +         Spirit   .     h - +2 hat
rElec  .         Reflect  .     (no cloak)
rCorr  .         Harm     .     (no gloves)
MR     .....                    (no boots)
Stlth  ..........               (no amulet)
                                (no ring)
                                m - ring of poison resistance

@: agile, exhausted, very slightly contaminated, slowed, very slow
A: retaliatory headbutt, horns 2
a: Berserk, Trog's Hand, Burn Spellbooks, Renounce Religion


You were on level 13 of the Dungeon.
You worshipped Trog.
Trog was most pleased with you.
You were very hungry.

You visited 1 branch of the dungeon, and saw 13 of its levels.

You collected 293 gold pieces.

Inventory:

Hand Weapons
 a - a +0 hand axe
 k - a +0 war axe (weapon)
Missiles
 e - 37 stones (quivered)
 i - 6 javelins
Armour
 b - a +0 animal skin
 g - a +0 plate armour
 h - a +2 hat (worn)
 l - a +1 chain mail of fire resistance
 v - a +2 chain mail of poison resistance (worn)
Jewellery
 m - a ring of poison resistance (left hand)
Wands
 j - a wand of flame (27/48)
Scrolls
 f - 2 scrolls of teleportation
 n - 2 scrolls of blinking
 r - 2 scrolls of vulnerability
Potions
 s - a potion of haste
Books
 q - a book of Conjurations

   Spells                             Type                      Level
   a - Magic Dart                     Conjuration                  1
   b - Searing Ray                    Conjuration                  2
   c - Dazzling Spray                 Conjuration/Hexes            3
   d - Fulminant Prism                Conjuration/Hexes            4
   e - Iskenderun's Mystic Blast      Conjuration                  4
   f - Iskenderun's Battlesphere      Conjuration/Charms           5
   Trog disapproves of the use of such an item.
Comestibles
 c - 2 bread rations
 d - 6 chunks of flesh
 t - 4 fruits
 u - a beef jerky
 w - a meat ration


   Skills:
 + Level 9.3 Fighting
 * Level 12.2 Axes
 + Level 8.8 Armour
 + Level 7.9 Dodging


You had 9 spell levels left.
You didn't know any spells.

Dungeon Overview and Level Annotations

Branches:
Dungeon (13/15)               Orc (0/2) D:9          Vaults (0/5) D:13
 Temple: D:4-7         Lair: D:8-11

Altars:
Fedhas
Qazlal
Yredelemnul

Shops:
D:6 (


Innate Abilities, Weirdness & Mutations

You reflexively headbutt those who attack you in melee.
You have a pair of horns on your head.


Message History

You feel strangely unstable.
Your surroundings suddenly seem different.
A slime creature comes into view.
The slime creature quivers.
Your skin crawls.
You feel resistant to hostile enchantments.
You feel somewhat more hungry.
You are feeling very hungry.
You feel the effects of Trog's Hand fading.
You fail to use your ability.
The slime creature hits you!
* * * LOW HITPOINT WARNING * * *
You fail to use your ability.
Your skin stops crawling.
You feel less resistant to hostile enchantments.
The slime creature hits you but does no damage.
Your black bear goes berserk!
You feel quite a bit more hungry.
You can no longer call in reinforcements.
The slime creature barely misses you. The slime creature hits you!
You die...

# ###.
.....###########.
......h..........
.......@J..#
.#########.# .#
.. ###


You could see a slime creature and a friendly black bear (berserk).

Vanquished Creatures
  The ghost of M4edhros the Grappler, a novice TrBe of Trog (D:10)
  The ghost of M4edhros the Grappler, a novice TrBe of Trog (D:8)
  A centaur skeleton (D:11)
  2 trolls
  A hornet (D:11)
  A hippogriff (D:9)
  6 slime creatures (D:13)
  A wraith (D:12)
  5 orc warriors
  An ice beast (D:11)
  An eye of draining (D:10)
  An ogre (D:9)
  2 phantoms
  A centaur (D:6)
  A big kobold (D:10)
  2 bullfrogs
  A wyvern skeleton (D:9)
  2 scorpions
  A crimson imp (D:10)
  2 centaur zombies
  5 hounds
  A bullfrog skeleton (D:11)
  5 orc priests
  7 orc wizards
  2 iguanas (D:7)
  Ijyb (D:3)
  A worker ant (D:6)
  The ghost of M4edhros the Chopper, a weakling MiBe of Trog (D:3)
  8 adders
  A shadow imp (D:10)
  A dart slug (D:1)
  29 orcs
  2 bats
  A giant cockroach (D:5)
  4 goblins
  2 hobgoblins (D:1)
  3 kobolds
  A quokka (D:11)
  A frilled lizard (D:2)
  A quokka skeleton (D:4)
  3 rats (D:3)
114 creatures vanquished.

Notes
Turn   | Place    | Note
-------+----------+-------------------------------------------
     0 | D:1      | M4edhros the Minotaur Berserker began the quest for the Orb.
     0 | D:1      | Reached XP level 1. HP: 19/19 MP: 0/0
    95 | D:1      | Reached XP level 2. HP: 19/27 MP: 1/1
   114 | D:2      | Reached skill level 4 in Axes
   126 | D:2      | Found a basalt altar of Yredelemnul.
   153 | D:3      | Reached XP level 3. HP: 28/33 MP: 2/2
   171 | D:3      | Noticed Ijyb
   175 | D:3      | Noticed M4edhros's ghost (weakling MiBe)
   280 | D:3      | Reached XP level 4. HP: 16/41 MP: 3/3
   281 | D:3      | Reached skill level 5 in Axes
   282 | D:3      | Reached ** piety under Trog
   288 | D:3      | Reached XP level 5. HP: 14/47 MP: 4/4
   335 | D:3      | Killed Ijyb
   345 | D:3      | Killed M4edhros's ghost
   384 | D:4      | Noticed a phantom
   415 | D:4      | Killed a phantom
   415 | D:4      | Reached skill level 5 in Fighting
   415 | D:4      | Reached XP level 6. HP: 14/56 MP: 5/5
   461 | D:4      | Reached skill level 6 in Axes
   487 | D:5      | Entered Level 5 of the Dungeon
   517 | D:6      | Found Dioke's Weapon Shoppe.
   624 | D:6      | Reached XP level 7. HP: 21/61 MP: 6/6
   783 | D:7      | Reached skill level 7 in Axes
   975 | D:8      | Noticed M4edhros's ghost (novice TrBe)
   996 | D:8      | Killed M4edhros's ghost
   996 | D:8      | Reached skill level 8 in Axes
   996 | D:8      | Reached skill level 5 in Armour
   996 | D:8      | Reached skill level 5 in Dodging
   996 | D:8      | Reached XP level 8. HP: 32/71 MP: 7/7
  1094 | D:9      | Reached skill level 9 in Axes
  1162 | D:9      | Found a staircase to the Orcish Mines.
  1292 | D:9      | Noticed a hippogriff
  1297 | D:9      | Killed a hippogriff
  1299 | D:9      | Reached XP level 9. HP: 61/79 MP: 8/8
  1367 | D:9      | Found a stormy altar of Qazlal.
  1384 | D:9      | Reached *** piety under Trog
  1412 | D:10     | Entered Level 10 of the Dungeon
  1412 | D:10     | Noticed M4edhros's ghost (novice TrBe)
  1442 | D:10     | Killed M4edhros's ghost
  1442 | D:10     | Reached skill level 10 in Axes
  1470 | D:10     | Noticed a troll
  1484 | D:10     | Killed a troll
  1593 | D:10     | Reached skill level 11 in Axes
  1639 | D:11     | Noticed a troll
  1644 | D:11     | Killed a troll
  1673 | D:11     | Reached XP level 10. HP: 44/90 MP: 9/9
  1710 | D:11     | Found a blossoming altar of Fedhas.
  2026 | D:12     | Reached **** piety under Trog
  2116 | D:13     | Reached skill level 12 in Axes
  2134 | D:13     | Noticed an enchanted long sword
  2135 | D:13     | Found a gate to the Vaults.
  2138 | D:13     | HP: 4/91 [enchanted long sword (11)]
  2147 | D:13     | Slain by a slime creature

Skill      XL: |  1  2  3  4  5  6  7  8  9 10 |
---------------+-------------------------------+-----
Axes           | 4 5 6 8 9 11 12 | 12.2
Fighting       | 4 5 6 7 8 9 |  9.3
Armour         | 3 4 5 6 8 |  8.8
Dodging        | 3 5 6 7 |  7.9

Action                   |  1- 3 |  4- 6 |  7- 9 | 10-12 || total
-------------------------+-------+-------+-------+-------++-------
Melee: Hand axe          |    30 |    84 |   188 |     9 ||   311
       Headbutt          |     5 |    19 |    42 |    15 ||    81
       War axe           |       |       |       |    68 ||    68
Invok: Berserk           |     2 |     1 |     7 |     2 ||    12
       Trog's Hand       |       |     1 |     2 |     1 ||     4
       Burn Spellbooks   |       |     1 |       |       ||     1
       Brothers in Arms  |       |       |       |     1 ||     1
  Use: Potion            |     2 |     1 |     3 |     2 ||     8
       Scroll            |       |       |       |    11 ||    11
  Eat: Chunk             |       |     2 |     9 |     4 ||    15
       Pizza             |       |       |     1 |       ||     1
Armor: Animal skin       |     5 |       |       |       ||     5
       Plate armour      |     3 |    58 |    92 |    22 ||   175
       Chain mail        |       |       |       |    13 ||    13
Dodge: Dodged            |    25 |    25 |    98 |    32 ||   180
